 Dungeon Crawl Stone Soup version 0.23.2-1-ga50397a (webtiles) character file.

Game seed: 8551325681313086760

1257 Errno the Covert (level 8, -5/55 HPs)
             Began as an Octopode Assassin on Apr 27, 2019.
             Slain by a killer bee (9 damage)
             ... on level 6 of the Dungeon.
             The game lasted 00:33:22 (4350 turns).

Errno the Covert (Octopode Assassin)                Turns: 4350, Time: 00:33:22

Health: -5/55      AC:  1    Str: 11    XL:     8   Next: 51%
Magic:  8/8        EV: 19    Int: 18    God:
Gold:   149        SH:  0    Dex: 15    Spells: 5/7 levels left

rFire    + . .     SeeInvis .   k - +3 dagger (venom)
rCold    . . .     Gourm    .   (no shield)
rNeg     . . .     Faith    .   (helmet restricted)
rPois    .         Spirit   .   (no amulet)
rElec    .         Reflect  .   i - +3 ring of evasion
rCorr    .         Harm     .   p - ring of protection from fire
MR       .....                  (no ring)
Stlth    +++++.....             (no ring)
HPRegen  0.18/turn              (no ring)
MPRegen  0.11/turn              (no ring)
                                (no ring)
                                (no ring)

@: brilliant, lethally poisoned (-5 -> -8), flying
A: almost no armour, stealthy swim, amphibious, 8 rings, constrict 8, camouflage
1, gelatinous body 1
a: no special abilities


You were on level 6 of the Dungeon.
You were not hungry.

You visited 1 branch of the dungeon, and saw 6 of its levels.

You collected 149 gold pieces.

Inventory:

Hand Weapons
 a - a +2 dagger
 k - a +3 dagger of venom (weapon)
Missiles
 e - 25 tomahawks (quivered)
Jewellery
 i - a +3 ring of evasion (left tentacle)
 p - a ring of protection from fire (right tentacle)
Wands
 d - a wand of disintegration (18)
Scrolls
 c - 4 scrolls of teleportation
 j - a scroll of remove curse
 l - 2 scrolls of enchant armour
 m - a scroll of magic mapping
 r - a scroll of identify
Potions
 b - a potion of might
 h - 2 potions of curing
Comestibles
 f - 9 rations
 n - 3 chunks of flesh


   Skills:
 + Level 5.3 Fighting
 + Level 5.2 Short Blades
 - Level 2.0 Throwing
 + Level 4.8 Dodging
 + Level 8.8 Stealth
 + Level 1.2 Translocations


You had 5 spell levels left.
You knew the following spells:

 Your Spells              Type           Power        Failure   Level  Hunger
a - Apportation           Tloc           ###...       1%          1    ##.....
b - Confusing Touch       Hex            ##....       2%          1    ##.....

Your spell library contained the following spells:

 Spells                   Type           Power        Failure   Level  Hunger
 Animate Skeleton         Necr           N/A          2%          1    ##.....
 Summon Small Mammal      Summ           ##..         2%          1    ##.....
 Ice Form                 Ice/Tmut       ##......     22%         4    #####..
 Metabolic Englaciation   Hex/Ice        ##........   47%         5    ######.
 Bolt of Cold             Conj/Ice       ##........   92%         6    #######
 Freezing Cloud           Conj/Ice/Air   ##........   92%         6    #######
 Ozocubu's Refrigeration  Ice            ##........   92%         6    #######
 Simulacrum               Ice/Necr       ##........   92%         6    #######


Dungeon Overview and Level Annotations

Branches:
Dungeon (6/15)
 Temple: D:4-7

Altars:
Nemelex Xobeh
Uskayaw
Yredelemnul
Zin

Shops:
D:5 }


Innate Abilities, Weirdness & Mutations

You cannot wear most types of armour.
You are very stealthy in the water. (Stealth+)
You are amphibious.
You can wear up to eight rings at the same time.
You can use your tentacles to constrict eight enemies at once.
Your skin changes colour to match your surroundings (Stealth+).
Your rubbery body absorbs attacks. (AC +1, EV +1)


Message History

Your squeeze misses the killer bee. The killer bee misses you.
The killer bee closely misses you. x2
* * * LOW HITPOINT WARNING * * *
You feel sick. The killer bee barely misses you. x2
* * * LOW HITPOINT WARNING * * *
You feel sick. The killer bee misses you.
You hit the killer bee.
The killer bee is poisoned.
Your grab misses the killer bee.
The killer bee is lightly wounded.
The killer bee closely misses you. x2
You hit the killer bee but do no damage.
Your grab misses the killer bee.
The killer bee is moderately wounded.
* * * LOW HITPOINT WARNING * * *
You feel sick. The killer bee closely misses you.
Okay, then.
As you read the scroll labeled BOISCH PICUN, it crumbles to dust.
The scroll dissolves into smoke.
It was a scroll of fog.
The killer bee stings you!
You die...

#.#########..## ....#
#....#.... ....#
#....#.... #####..
##..###..# +#
##.##..####..###..##.##
...............#......#
...........o...#§§§...#
...............#§§§...#
##..#######'####@#
##..##.####.)###y#
....#.....'..o.oy#
....#.....#..)o..#
....'.....#..÷...#
....#.....#......+
#.######.#..###### ###
######


You could see 2 killer bees and an orc.

Vanquished Creatures
  Sigmund (D:2)
  Eustachio (D:4)
  2 phantoms (D:4)
  An ogre (D:4)
  A centaur (D:5)
  Blork the orc (D:4)
  3 scorpions (D:4)
  A killer bee (D:6)
  A bullfrog skeleton (D:6)
  An iguana (D:4)
  3 worker ants
  A howler monkey zombie (D:5)
  4 gnolls (D:4)
  10 adders
  3 worms
  2 dart slugs
  2 leopard geckos
  6 orcs
  7 bats
  7 giant cockroaches
  7 goblins
  11 hobgoblins
  2 jackals (D:4)
  11 kobolds
  A quokka (D:2)
  7 frilled lizards
  3 leopard gecko skeletons
  A leopard gecko zombie (D:5)
  9 rats
110 creatures vanquished.

Notes
Turn   | Place    | Note
-------+----------+-------------------------------------------
     0 | D:1      | Errno the Octopode Assassin began the quest for the Orb.
     0 | D:1      | Reached XP level 1. HP: 14/14 MP: 1/1
   205 | D:1      | Reached XP level 2. HP: 19/19 MP: 2/2
   756 | D:1      | Reached XP level 3. HP: 25/25 MP: 3/3
  1282 | D:2      | Reached XP level 4. HP: 29/30 MP: 4/4
  1347 | D:2      | Reached skill level 6 in Stealth
  1502 | D:2      | Found a basalt altar of Yredelemnul.
  1621 | D:2      | Noticed Sigmund
  1640 | D:2      | Killed Sigmund
  1640 | D:2      | Reached XP level 5. HP: 14/36 MP: 5/5
  1640 | D:2      | Reached XP level 6. HP: 17/42 MP: 6/6
  2317 | D:4      | Reached skill level 7 in Stealth
  2320 | D:4      | Found a sparkling altar of Nemelex Xobeh.
  2649 | D:4      | Noticed Blork the orc
  2652 | D:4      | Killed Blork the orc
  2652 | D:4      | Reached XP level 7. HP: 48/48 MP: 7/7
  2677 | D:4      | Noticed Eustachio
  2711 | D:4      | Killed Eustachio
  3131 | D:4      | Reached skill level 8 in Stealth
  3224 | D:4      | Reached XP level 8. HP: 29/54 MP: 8/8
  3401 | D:4      | Reached skill level 5 in Fighting
  3401 | D:4      | Reached skill level 5 in Short Blades
  3453 | D:4      | Learned a level 1 spell: Apportation
  3455 | D:4      | Learned a level 1 spell: Confusing Touch
  3561 | D:5      | Entered Level 5 of the Dungeon
  3593 | D:5      | Found a glowing silver altar of Zin.
  3958 | D:5      | Found Yfiteutu's Gadget Shoppe.
  4055 | D:5      | Reached skill level 1 in Translocations
  4174 | D:6      | Noticed a +0 dagger
  4174 | D:6      | Noticed a +0 hand axe
  4175 | D:6      | Found a hide-covered altar of Uskayaw.
  4350 | D:6      | Slain by a killer bee

Skill      XL: |  1  2  3  4  5  6  7  8 |
---------------+-------------------------+-----
Dodging        | 3 4 |  4.8
Stealth        | 6 7 8 |  8.8
Short Blades   | 3 4 5 |  5.2
Fighting       | 3 4 5 |  5.3
Translocations | 1 |  1.2
Throwing       | |  2.0

Action                   |  1- 3 |  4- 6 |  7- 9 || total
-------------------------+-------+-------+-------++-------
Melee: Dagger            |    60 |    70 |   102 ||   232
       Constrict         |    14 |    14 |    12 ||    40
       Tentacles         |     8 |    10 |    15 ||    33
  Use: Scroll            |       |     5 |     6 ||    11
       Potion            |       |       |     2 ||     2
 Stab: Sleeping          |    15 |    23 |    18 ||    56
  Eat: Chunk             |     1 |     4 |     6 ||    11
Armor: Skin              |     4 |       |     7 ||    11
Dodge: Dodged            |    36 |    19 |    98 ||   153
